 Dungeon Crawl Stone Soup version 0.32-a0-391-gce5c0aab1b (webtiles) character file.

Game seed: 7823825679705548317

716 zenocrate the Cleaver (level 7, 0/57 HPs)
             Began as a Minotaur Delver on Feb 20, 2024.
             Slain by a hound (5 damage)
             ... on level 5 of the Dungeon.
             The game lasted 00:03:11 (3367 turns).

zenocrate the Cleaver (Minotaur Delver)             Turns: 3367, Time: 00:03:13

Health: 0/57       AC: 11    Str: 18 (19) XL:     7   Next: 41%
Magic:  6/6        EV:  5    Int: 12 (13) God:
Gold:   238        SH:  0    Dex:  8 (11) Spells: 6/6 levels left

rFire   . . .        b - +0 war axe
rCold   . . .        w - +2 buckler
rNeg    + . .        n - +0 plate armour
rPois   .            (helmet restricted)
rElec   .            (no cloak)
rCorr   .            (no gloves)
SInv    .            v - +0 pair of boots
Will    .....        (no amulet) Stlth
                     q - ring of positive energy
HPRegen 0.29/turn    C - +6 ring of intelligence
MPRegen 0.10/turn

%: no passive effects
@: confused, ambrosia-drunk
A: horns 2, retaliatory headbutt
a: no special abilities


You were on level 5 of the Dungeon.
You visited 1 branch of the dungeon, and saw 5 of its levels.

You collected 238 gold pieces.

Inventory:

Hand Weapons
 a - a +0 hand axe
 b - a +0 war axe (weapon)
Missiles
 p - 4 boomerangs
 y - 13 poisoned darts (quivered)
Armour
 n - a +0 plate armour (worn)
 v - a +0 pair of boots (worn)
 w - a +2 buckler (worn)
Jewellery
 q - a ring of positive energy (left hand)
 x - a ring of ice
 C - a +6 ring of intelligence (right hand)
Wands
 g - a wand of digging (3)
Scrolls
 c - a scroll of fog
 d - 2 scrolls of revelation
 e - a scroll of fear
 h - a scroll of blinking {unknown}
 j - 2 scrolls of enchant armour {unknown}
 l - a scroll of immolation {unknown}
 m - a scroll of summoning {unknown}
 r - 2 scrolls of teleportation {unknown}
 s - 2 scrolls of identify {unknown}
Potions
 f - a potion of haste
 i - a potion of degeneration
 k - a potion of mutation {unknown}
 o - a potion of ambrosia
 t - a potion of curing {unknown}
 u - a potion of lignification {unknown}
 z - a potion of attraction {unknown}
 A - a potion of magic {unknown}
 B - a potion of heal wounds {unknown}


   Skills:
 - Level 3.6 Fighting
 + Level 9.5 Axes
 - Level 2.1 Dodging
 - Level 4.1 Stealth
 + Level 2.2 Evocations


You had 6 spell levels left.
You didn't know any spells.
Your spell library contained the following spells:

 Spells                   Type           Power      Damage    Failure   Level
 Freeze                   Ice            0%         1d3       100%        1
 Ensorcelled Hibernation  Hex/Ice        0%         N/A       100%        2
 Dazzling Flash           Conj/Hex       0%         N/A       100%        3
 Frozen Ramparts          Ice            0%         1d1       100%        3
 Hailstorm                Conj/Ice       0%         3d5       100%        3
 Mephitic Cloud           Conj/Alch/Air  0%         N/A       100%        3
 Passwall                 Erth           0%         N/A       100%        3
 Swiftness                Air            0%         N/A       100%        3
 Curse of Agony           Necr           0%         N/A       100%        5
 Silence                  Hex/Air        0%         N/A       100%        5


Dungeon Overview and Level Annotations

Branches:
Dungeon (5/15)
 Temple: D:4-7

Altars:
Hepliaklqana


Innate Abilities, Weirdness & Mutations

You have a pair of horns on your head.
You reflexively headbutt those who attack you in melee.


Message History

The orc priest invokes the aid of Beogh against you.
Beogh smites you! You block the orc's attack.
The hound bites you but does no damage.
You slash the orc priest!
You kill the orc priest!
You hit the orc but do no damage. You miss the hound.
The orc hits you but does no damage. You block the hound's attack.
You are too injured to fight recklessly!
You barely miss the hound. You closely miss the orc.
You closely miss the orc warrior. The hound bites you but does no damage.
The orc hits you but does no damage. You block the hound's attack.
You block the orc's attack.
Unknown command.
Unknown command.
You closely miss the orc warrior. Your headbutt misses the orc warrior.
You hit the orc but do no damage. You hit the hound but do no damage.
You slash the orc!
You kill the orc!
The hound bites you but does no damage.
The orc warrior unwields a +0 orcbow.
The orc warrior wields a +0 scimitar.
The orc warrior hits you with a +0 scimitar!
* * * LOW HITPOINT WARNING * * *
You block the hound's attack. You block the orc's attack.
Unknown command.
It was a potion of ambrosia.
You are confused.
You feel invigorated.
The orc warrior hits you but does no damage.
The hound bites you.
* * * LOW HITPOINT WARNING * * *
The orc hits you but does no damage. The orc hits you with a +0 hand axe.
* * * LOW HITPOINT WARNING * * *
It was a potion of degeneration.
There was something very wrong with that liquid.
You feel weakened.
You feel dopey.
You feel clumsy. The hound bites you but does no damage.
The orc warrior hits you with a +0 scimitar.
* * * LOW HITPOINT WARNING * * *
The orc hits you but does no damage. x2; The hound bites you.
You die...

#...... ....... .#.###[
....... ..... ..######
....... #...# ........
.?..... +...+ .......
....... #...# #.#...#.
......o####...###.#.....
......h@................
......oo................
.#+##..................<
#...................
#....................
+............###..#..
#....................
#....................
#.......$............


You could see an orc warrior, a hound and 2 orcs.

Vanquished Creatures
  Sigmund (D:4)
  A black bear (D:4)
  A jelly (D:5)
  3 bombardier beetles
  2 orc priests
  A sleepcap (D:4)
  Natasha (twice) (D:2)
  An orc wizard (D:4)
  4 adders
  4 ribbon worms
  A dart slug (D:1)
  4 orcs
  8 endoplasms
  4 giant cockroaches (D:1)
  7 goblins
  4 hobgoblins
  3 jackals (D:1)
  2 quokkas
  4 ball pythons
  6 bats
  3 frilled lizards
  7 kobolds
  5 rats
78 creatures vanquished.

Notes
Turn   | Place    | Note
-------+----------+-------------------------------------------
     0 | D:5      | zenocrate the Minotaur Delver began the quest for the Orb.
     0 | D:5      | Reached XP level 1. HP: 19/19 MP: 0/0
    63 | D:5      | Noticed a bombardier beetle
   115 | D:4      | Noticed a bombardier beetle
   125 | D:4      | Killed a bombardier beetle
   126 | D:4      | Reached skill level 4 in Axes
   126 | D:4      | Reached XP level 2. HP: 4/26 MP: 1/1
   126 | D:4      | Reached XP level 3. HP: 5/31 MP: 2/2
   259 | D:4      | Reached skill level 5 in Axes
   259 | D:4      | Reached XP level 4. HP: 32/39 MP: 3/3
   288 | D:4      | Noticed a black bear
   303 | D:4      | Killed a black bear
   304 | D:4      | Reached skill level 6 in Axes
   304 | D:4      | Reached XP level 5. HP: 19/45 MP: 4/4
   430 | D:4      | Noticed Sigmund
   436 | D:4      | Reached skill level 7 in Axes
   445 | D:4      | Killed Sigmund
   446 | D:4      | Reached skill level 8 in Axes
   446 | D:4      | Reached XP level 6. HP: 15/51 MP: 5/5
  1453 | D:2      | Noticed Natasha
  1458 | D:2      | Killed Natasha
  1609 | D:2      | Reached skill level 9 in Axes
  1647 | D:2      | Noticed Natasha
  1654 | D:2      | Killed Natasha
  1948 | D:2      | Reached XP level 7. HP: 57/57 MP: 6/6
  2366 | D:3      | Found a hazy altar of Hepliaklqana.
  2462 | D:3      | Reached skill level 1 in Evocations
  2649 | D:3      | Found a faded altar of an unknown god.
  3367 | D:5      | Slain by a hound

Illustrated notes

Levels and vault maps discovered:
D:1:      dpeg_arrival_three_same_balls, layout_loops_ring,
          nicolae_kite_square_tiling_tiny
D:2:      layout_loops_ring, kennysheep_cross_room, uniq_natasha
D:3:      layout_loops_ring, nicolae_hepliaklqana_hazy_memory,
          hellmonk_ecumenical_altar_run_dry
D:4:      layout_basic, uniq_sigmund
D:5:      layout_basic, nrook_mini_backslash, kennysheep_generic_room_10,
          uniq_blork_the_orc

Skill      XL: |  1  2  3  4  5  6  7 |
---------------+----------------------+-----
Axes           | 4 5 6 8 9 |  9.5
Evocations     | 2 |  2.2
Fighting       | |  3.6
Dodging        | |  2.1
Stealth        | |  4.1

Action                     |  1- 3 |  4- 6 |  7- 9 || total
---------------------------+-------+-------+-------++-------
  Melee: War axe           |    14 |   102 |    43 ||   159
         Headbutt          |     4 |    14 |     7 ||    25
    Use: Potion            |       |       |     2 ||     2
   Stab: Sleeping          |     1 |     4 |       ||     5
 Armour: Leather armour    |     4 |    22 |       ||    26
         Plate armour      |       |    59 |    47 ||   106
  Dodge: Dodged            |    10 |    36 |     8 ||    54
  Block: Buckler           |       |       |    13 ||    13

Table legend: (Time is in decaauts)
 A = Elapsed time spent in this place.
 B = Non-inter-level travel time spent in this place.
 C = Inter-level travel time spent in this place.
 D = Time resting spent in this place.
 E = Time spent auto-exploring this place.
 F = Levels seen in this place.
 G = Mean time per level.
                   A        B        C        D        E       F      G
               +--------+--------+--------+--------+--------+-----+--------+
         Total |   3380 |   3225 |    155 |      0 |   2661 |   5 |  676.0 |
       Dungeon |   3380 |   3225 |    155 |      0 |   2661 |   5 |  676.0 |
               +--------+--------+--------+--------+--------+-----+--------+

Top non-repeatable levels by time:
     D:4: 996 daAuts
     D:3: 824 daAuts
     D:1: 720 daAuts
     D:2: 679 daAuts
     D:5: 160 daAuts
